 Dungeon Crawl Stone Soup version 0.22.1-2-g9c5b331 (webtiles) character file.

68 Labyrinth the Firebug (level 4, 0/33 HPs)
             Began as a Draconian Fire Elementalist on Nov 21, 2018.
             Slain by a gnoll
             ... wielding a +0 spear
              (4 damage)
             ... on level 2 of the Dungeon.
             The game lasted 00:09:15 (1025 turns).

Labyrinth the Firebug (Draconian Fire Elementalist) Turns: 1025, Time: 00:09:16

Health: 0/33       AC:  8    Str: 11    XL:     4   Next: 1%
Magic:  0/8        EV: 12    Int: 16    God:
Gold:   31         SH:  0    Dex: 11    Spells: 5/8 levels left

rFire    . . .     SeeInvis .   f - +3 hunting sling
rCold    . . .     Gourm    .   (no shield)
rNeg     . . .     Faith    .   (armour unavailable)
rPois    .         Spirit   .   (helmet restricted)
rElec    .         Reflect  .   (no cloak)
rCorr    .         Harm     .   (no gloves)
MR       .....                  (no boots)
Stlth    ++........             (no amulet)
HPRegen  0.11/turn              l - +3 ring of protection
MPRegen  0.11/turn              (no ring)

@: very slightly contaminated
A: unfitting armour, cold-blooded, AC +5
a: no special abilities


You were on level 2 of the Dungeon.
You were hungry.

You visited 1 branch of the dungeon, and saw 2 of its levels.

You collected 31 gold pieces.

Inventory:

Hand Weapons
 e - a +2 short sword of draining
 f - a +3 hunting sling (weapon)
 g - a cursed -2 dagger
 n - a +0 spear
Missiles
 d - 52 stones (quivered)
Jewellery
 l - a +3 ring of protection (left hand)
Scrolls
 c - a scroll of teleportation {unknown}
 i - a scroll of magic mapping {unknown}
 j - a scroll of remove curse {unknown}
 k - a scroll of identify {unknown}
 o - a scroll of fear {unknown}
Potions
 m - a potion of berserk rage {unknown}
Comestibles
 a - 2 chunks of flesh
 b - a ration


   Skills:
 + Level 0.2 Fighting
 + Level 1.2 Short Blades
 + Level 2.1 Dodging
 + Level 2.2 Stealth
 + Level 2.7 Spellcasting
 + Level 1.1 Conjurations
 + Level 3.4 Fire Magic


You had 5 spell levels left.
You knew the following spells:

 Your Spells              Type           Power        Failure   Level  Hunger
a - Flame Tongue          Conj/Fire      #....        8%          1    #......
b - Throw Flame           Conj/Fire      #.....       11%         2    ##.....

Your spell library contained the following spells:

 Spells                   Type           Power        Failure   Level  Hunger
 Conjure Flame            Conj/Fire      #.......     22%         3    ###....
 Inner Flame              Hex/Fire       #.......     28%         3    ###....
 Sticky Flame             Conj/Fire      #.......     58%         4    #####..
 Fireball                 Conj/Fire      #.........   90%         5    ######.


Dungeon Overview and Level Annotations

Branches:
Dungeon (2/15)

Altars:
Zin


Innate Abilities, Weirdness & Mutations

Your plain brown scales are hard. (AC +5)
You cannot fit into any form of body armour.
You are cold-blooded and may be slowed by cold attacks.


Message History

Press: ? - help, Shift-Dir - straight line, f/p - gnoll
Aim: a gnoll, wielding a spear You miscast Flame Tongue.
You are very lightly contaminated with residual magic.
You smell smoke.
The gnoll closely misses you.
The gnoll hits you from afar with a spear.
* * * LOW HITPOINT WARNING * * *
Firing (i - inventory)
d - 53 stones (quivered)
Press: ? - help, Shift-Dir - straight line, f/p - gnoll
Aim: a gnoll, wielding a spear You shoot a stone.
The stone closely misses the gnoll.
The gnoll barely misses you.
Casting: Flame Tongue (safe; 8% risk of failure)
Confirm with . or Enter, or press ? or * to list all spells.
Aiming: Flame Tongue (safe; 8% risk of failure)
Press: ? - help, Shift-Dir - straight line, f/p - gnoll
Aim: a gnoll, wielding a spear The flame tongue misses the gnoll.
The gnoll hits you from afar with a spear.
You die...

##.. #.. #####.###
##### ......._##
...# #.......
#.#########.......
#@.g......(....(#.
########).)....?##
#.<##.....#
#.###...%.# ...
#.....# .###
#.....# # #######


You could see a gnoll.

Vanquished Creatures
  2 gnolls (D:2)
  An adder (D:2)
  A worm (D:2)
  2 dart slugs (D:1)
  3 leopard geckos (D:1)
  3 giant cockroaches (D:1)
  4 goblins (D:1)
  A hobgoblin (D:1)
  3 bats
  10 kobolds (D:1)
  3 rats (D:1)
33 creatures vanquished.

Vanquished Creatures (others)
  A plant (D:1)
1 creature vanquished.

Grand Total: 34 creatures vanquished

Notes
Turn   | Place    | Note
-------+----------+-------------------------------------------
     0 | D:1      | Labyrinth the Draconian Fire Elementalist began the quest
                  | for the Orb.
     0 | D:1      | Reached XP level 1. HP: 14/14 MP: 3/3
   201 | D:1      | Reached XP level 2. HP: 17/20 MP: 3/5
   302 | D:1      | Learned a level 2 spell: Throw Flame
   651 | D:1      | Reached XP level 3. HP: 25/26 MP: 0/6
   946 | D:2      | Reached skill level 1 in Short Blades
   987 | D:2      | Found a glowing silver altar of Zin.
   998 | D:2      | HP: 1/26 [gnoll/spear (4)]
  1014 | D:2      | Reached XP level 4. HP: 3/33 MP: 0/8
  1025 | D:2      | Slain by a gnoll

Skill      XL: |  1  2  3 |
---------------+----------+-----
Stealth        | 2 |  2.2
Dodging        | 2 |  2.1
Short Blades   | 1 |  1.2
Fighting       | |  0.2
Spellcasting   | |  2.7
Conjurations   | |  1.1
Fire Magic     | |  3.4

Action                   |  1- 3 |  4- 6 || total
-------------------------+-------+-------++-------
Melee: Short sword       |    43 |       ||    43
       Tailslap          |     9 |       ||     9
       Unarmed           |     2 |       ||     2
 Fire: Hunting sling     |     7 |     2 ||     9
 Cast: Flame Tongue      |    29 |     1 ||    30
       Throw Flame       |    11 |       ||    11
  Use: Potion            |     1 |       ||     1
  Eat: Chunk             |     1 |       ||     1
Armor: Skin              |    18 |     1 ||    19
Dodge: Dodged            |    38 |     3 ||    41
